[Event "*** Titled Tuesday 3|2 Blitz"]
[Site "Chess.com"]
[Date "2016.02.02"]
[Round "6"]
[White "GMVar"]
[Black "lorcho"]
[Result "0-1"]
[WhiteElo "2702"]
[BlackElo "2659"]
[TimeControl "180+2"]
[EndTime "12:20:48 PST"]
[Termination "lorcho won on time"]

1. d4 e6 2. c4 d5 3. Nf3 c5 4. cxd5 exd5 5. Nc3 Nc6 6. g3 Nf6 7. Bg2 Be7 8. O-O O-O 9. Bg5 cxd4 10. Nxd4 h6 11.
Be3 Bg4 12. Rc1 Qd7 13. Qb3 Rad8 14. Rfd1 Na5 15. Qc2 Nc4 16. Bf4 Nb6 17. Ndb5 Bc5 18. Nc7 Bf5 19. e4 Bg4 20. Rd2 Bd6 21. Bxd6 Qxd6 22.
N3xd5 Nbxd5 23. exd5 Rc8 24. Rd4 Rfd8 25. Rc4 Rd7 26.
h3 Be2 27. Qxe2 Rdxc7 28. Bf3 Kf8 29. Kg2 Ne8 30. a3 Rxc4 31. Rxc4 Rxc4 32. Qxc4 Qe7 33. Qc8 b6 34. Qa8 g6 35. d6 Qxd6 36. Qxa7 Nc7 37.
Qb8+ Kg7 38. a4 h5 39. b4 h4 40. gxh4 Qe5 41. Bc6 Qd6 42. Qxb6 Ne6 43. a5 Nf4+ 44. Kf3 Nxh3 45. Qc5 Qf4+ 46. Ke2 Qxh4 47. a6 Nf4+ 48. Ke3 Ne6 49. Qe5+ Kh7 50. a7 Qxb4 51. Qh2+ Kg7 52.
a8=Q Qc3+ 53. Ke4 Ng5+ 54. Kf4 Ne6+ 55. Ke4 Ng5+ 56. Kf4 Ne6+ 57. Kg4 f5+ 58. Kh4 Qd4+ 59. f4 g5+ 0-1

[Event "*** Titled Tuesday 3|2 Blitz"]
[Site "Chess.com"]
[Date "2016.02.02"]
[Round "6"]
[White "mssjust"]
[Black "BartoszSocko"]
[Result "1/2-1/2"]
[WhiteElo "2598"]
[BlackElo "2690"]
[TimeControl "180+2"]
[EndTime "12:20:51 PST"]
[Termination "Game drawn by repetition"]

1. e4 e6 2. d4 d5 3. Nd2 Nf6 4.
e5 Nfd7 5. f4 c5 6. Ngf3 Nc6 7.
Nb3 c4 8. Nbd2 f5 9. Ng5 Qe7 10. c3 g6 11. b3 h6 12. Ngf3 b5 13. a4 b4 14. Bb2 bxc3 15. Bxc3 cxb3 16. Qxb3 Rb8 17. Qc2 Qd8 18. Bb5 Nb4 19. Bxb4 Bxb4 20. O-O a6 21. Rfb1 Qe7 22. Bd3 Kf7 23. a5 Bb7 24.
Rb3 Rhc8 25. Qd1 Rc3 26. Rab1 Bc6 27. Rxc3 Bxc3 28. Rxb8 Nxb8 29. Qb3 Qb4 30. Qxb4 Bxb4 31. Nb3 Ba4 32. Nc5 Bxc5 33. dxc5 Nc6 34. Bxa6 Nxa5 35. Nd4 Ke7 36. Bc8 Bd7 37. Ba6 Ba4 38. Bc8 Bd7 39. Ba6 Nc6 40. Nxc6+ Bxc6 41. Kf2 d4 42. g3 Kd7 43. Bc4 Be4 44. Ke2 g5 45. Kd2 gxf4 46. gxf4 Kc6 47. Bxe6 Kxc5 48. Bb3 Kc6 49. Bc2 Kd5 50.
Bb3+ Kc5 51. Bc2 Kd5 52. Bb3+ Kc6 53. Ba4+ Kd5 54. Bb3+ Kc5 55. Bc2 Kd5 1/2-1/2

[Event "*** Titled Tuesday 3|2 Blitz"]
[Site "Chess.com"]
[Date "2016.02.02"]
[Round "6"]
[White "AndroQueen"]
[Black "jcibarra"]
[Result "0-1"]
[WhiteElo "2407"]
[BlackElo "2532"]
[TimeControl "180+2"]
[EndTime "12:20:57 PST"]
[Termination "jcibarra won by checkmate"]

1. d4 Nf6 2. c4 d6 3. Nc3 Bf5 4.
g3 c6 5. Bg2 Nbd7 6. e4 Bg6 7.
Nge2 e5 8. O-O Be7 9. h3 O-O 10. Be3 a6 11. f4 h6 12. d5 cxd5 13. cxd5 b5 14. a3 Rc8 15. Rc1 Re8 16. b4 Nb6 17. f5 Nc4 18. Bf2 Bh7 19. a4 Qd7 20. axb5 axb5 21. Qd3 Bd8 22. Ra1 Qb7 23. Ra7 Qb8 24.
Rfa1 Bb6 25. Bxb6 Qxb6+ 26. Kh2 g6 27. g4 gxf5 28. gxf5 Rf8 29. R1a6 Qb8 30. Qg3+ Kh8 31. Qh4 Ng8 32. Rd7 Rc7 33. Rxc7 Qxc7 34. Ra1 Qb6 35.
Rg1 Ra8 36. Qg3 Nf6 37. Qh4 Ng8 38. Qg3 f6 39. Bf3 Ra7 40. Bh5 Rb7 41. Bg6 Rg7 42. Ra1 Ne7 43. Ra8+ Bg8 44. Re8 Nxg6 45. fxg6 Ne3 46.
Kh1 f5 47. exf5 Nxf5 48. Qf3 Nd4 49. Qf6 Qc7 50. Nxd4 exd4 51. Qxd4 Qd7 52. Re3 Qf5 53. Ne2 Bxd5+ 54. Kg1 Qxg6+ 55. Rg3 Qb1+ 56. Kh2 Qh1# 0-1

[Event "*** Titled Tuesday 3|2 Blitz"]
[Site "Chess.com"]
[Date "2016.02.02"]
[Round "6"]
[White "BillieKimbah"]
[Black "SabinoBrunello"]
[Result "0-1"]
[WhiteElo "2372"]
[BlackElo "2591"]
[TimeControl "180+2"]
[EndTime "12:21:01 PST"]
[Termination "SabinoBrunello won by checkmate"]

1. d4 d5 2. Nf3 Nf6 3. Bf4 e6 4. e3 Bd6 5. Bg3 c5 6. c3 Nc6 7. Nbd2 Bxg3 8. hxg3 Qd6 9. Bd3 e5 10. dxe5 Nxe5 11. Nxe5 Qxe5 12. Bb5+ Ke7 13. Nf3 Qc7 14. O-O Bg4 15. Be2 Rhe8 16. b4 Kf8 17. bxc5 Qxc5 18. Nd4 Bxe2 19. Qxe2 Rac8 20. Rfc1 Ne4 21. Qg4 g6 22.
Rab1 b6 23. Rb5 Qd6 24. Ne2 Rc5 25. Rxc5 Qxc5 26. Qf4 Kg7 27. Nd4 Qe7 28. c4 Rc8 29. Qg4 Qe8 30. f3 Nd6 31. Qf4 Rxc4 32. Rd1 Qe7 33.
Kh2 h5 34. Rd2 Rc8 35. a3 Nc4 36. Re2 Qe5 37. Qh4 Qf6 38. Qh3 Rd8 39. a4 Nxe3 40. Rxe3 Qxd4 41. Re7 Qxa4 42. Qe6 Rf8 43. Qe5+ Kg8 44.
Qxd5 a5 45. Rb7 Qb4 46. Qc6 Qc5 47. Qe4 Kg7 48. Qb1 Re8 49. Rxb6 Re6 50. Rb5 Qe7 51. Rxa5 h4 52. Qb2+ Kh7 53. Qf2 Re2 54. Qd4 hxg3+ 55. Kh3 Re1 56. Ra6 Rh1+ 57. Kxg3 Qg5+ 58. Qg4 Qe5+ 59.
Qf4 Qe1+ 60. Kg4 Qh4# 0-1

[Event "*** Titled Tuesday 3|2 Blitz"]
[Site "Chess.com"]
[Date "2016.02.02"]
[Round "6"]
[White "lionheart95"]
[Black "swayamsm"]
[Result "1-0"]
[WhiteElo "2267"]
[BlackElo "2530"]
[TimeControl "180+2"]
[EndTime "12:21:04 PST"]
[Termination "lionheart95 won by checkmate"]

1. e4 e6 2. d4 d5 3. Bd3 Nf6 4. e5 Nfd7 5. f4 c5 6. c3 Nc6 7. Nf3 Be7 8. Be3 a6 9. O-O b5 10. Nbd2 Qb6 11. Rc1 Bb7 12. f5 cxd4 13. cxd4 Ndxe5 14. Nxe5 Nxe5 15. Bb1 Nc4 16. Nxc4 dxc4 17. fxe6 Qxe6 18. Re1 Qd5 19. Qg4 O-O 20. Bf2 h5 21. Qh3 Qg5 22. Rc3 Bd6 23. Rce3 Rad8 24. Bh4 Qf4 25.
Bxd8 Qxd4 26. Qxh5 g6 27. Qh4 Bf4 28. Bg5 Bxe3+ 29.
Rxe3 Qxb2 30. Be4 Qa1+ 31. Kf2 Qb2+ 32. Kf3 Bxe4+ 33. Qxe4 Qa1 34. Qf4 Qf1+ 35. Kg3 Qd1 36. Bf6 Qh5 37. Qh4 Rc8 38. Qxh5 gxh5 39. Kf4 Kf8 40. Rh3 Rc6 41. Bc3 Ke7 42. Rxh5 Re6 43. Re5 Kd6 44. Rxe6+ fxe6 45. h4 Kc5 46. Ke3 b4 47. Bf6 c3 48. Kd3 a5 49. h5 a4 50. h6 b3 51. Bxc3 bxa2 52. h7 a1=Q 53. Bxa1 e5 54. h8=Q e4+ 55. Kxe4 Kb4 56. Qc3+ Kb5 57.
Kd5 a3 58. Qc4+ Ka5 59. Bc3+ Kb6 60. Bd4+ Kb7 61. Qb5+ Kc7 62. Be5+ Kd8 63. Kd6 Kc8 64. Qa6+ Kb8 65. Kd7# 1-0

[Event "*** Titled Tuesday 3|2 Blitz"]
[Site "Chess.com"]
[Date "2016.02.02"]
[Round "6"]
[White "Tesla37"]
[Black "gmjoey1"]
[Result "1-0"]
[WhiteElo "2579"]
[BlackElo "2476"]
[TimeControl "180+2"]
[EndTime "12:21:34 PST"]
[Termination "Tesla37 won by resignation"]

1. e4 c6 2. d4 d5 3. e5 Bf5 4. Nf3 e6 5. Be2 Nd7 6. Nbd2 Ne7 7. Nb3 Nc8 8. O-O Be7 9. Bd2 O-O 10. a4 f6 11.
exf6 Bxf6 12. a5 a6 13. Re1 e5 14. dxe5 Nxe5 15. Nfd4 Bh4 16. g3 Bh3 17. Bf1 Bg4 18. Be2 Bh3 19. f4 Qf6 20. Bc3 Qh6 21. Bf1 Bg4 22. Qd2 Nc4 23. Bxc4 dxc4 24. Nc5 Be7 25. Nce6 Nd6 26. Nxf8 Bxf8 27. Re5 Rd8 28. Qf2 Nf7 29. Re3 Bc5 30. Rae1 Nd6 31. Re5 Ba7 32. f5 Rf8 33. Kh1 Nxf5 34. Re8 Bxd4 35. Rxf8+ Kxf8 36. Bxd4 Qh5 37. Bc5+ Kf7 38. Kg1 Bf3 39. Rf1 Bg4 40.
Qf4 h6 41. Re1 Kg6 42. Re6+ Kh7 43. Re5 Bh3 44. Re1 Nh4 45. Qe4+ Ng6 46. Bd4 Bf5 47.
Qe2 Bg4 48. Qxc4 Qf5 49. Qd3 Qd5 50. Bc3 Qc5+ 51. Qd4 Qf8 52. Rf1 Qg8 53. Qxg4 Qd5 54. Qd4 Qg8 55. Qe4 Qd8 56. h4 Qd6 57. Kh2 Qc5 58.
Qd4 Qe7 59. Re1 Qf7 60. Rf1 Qe7 61. h5 Qe2+ 62. Kg1 1-0

[Event "*** Titled Tuesday 3|2 Blitz"]
[Site "Chess.com"]
[Date "2016.02.02"]
[Round "6"]
[White "AlexanderL"]
[Black "Boryboy"]
[Result "0-1"]
[WhiteElo "2579"]
[BlackElo "2518"]
[TimeControl "180+2"]
[EndTime "12:21:37 PST"]
[Termination "Boryboy won on time"]

1. d4 e6 2. e4 d5 3. exd5 exd5 4. Be3 Nf6 5. Nc3 c6 6. Bd3 Be6 7. h3 Nbd7 8. Qd2 h6 9. Nge2 Bd6 10. Bf4 Qc7 11.
O-O-O O-O-O 12. Kb1 Rde8 13. Rhe1 Nb6 14. Bxd6 Qxd6 15.
Qf4 Qxf4 16. Nxf4 Bd7 17. Kc1 Kd8 18. Kd2 Nc8 19. Re5 Re7 20. Rde1 Rhe8 21. Rxe7 Rxe7 22. Re3 Nd6 23. f3 Rxe3 24. Kxe3 Ke7 25. g4 g5 26.
Nfe2 Nfe8 27. Ng3 Ng7 28. Nce2 f5 29. gxf5 Ngxf5+ 30.
Nxf5+ Nxf5+ 31. Kf2 Ng7 32. Kg2 Nh5 33. Bg6 Ng7 34.
f4 Kf6 35. Bd3 g4 36. hxg4 Bxg4 37. Ng3 Ne6 38. Kf2 Nxf4 39. Bf1 h5 40. Ke3 Ne6 41.
Nh1 Kg5 42. Nf2 Bf5 43. c3 Nf4 44. Kf3 h4 45. a3 a5 46. b4 axb4 47. axb4 b5 48. Ke3 Bg4 49. Nh1 Bh3 50. Bxh3 Nxh3 51. Kf3 Kf5 52. Kg2 Ng5 53. Nf2 Ne4 54. Nd3 Nxc3 55.
Ne5 Ke4 56. Nxc6 Ne2 57. Kh3 Nxd4 58. Na7 Kd3 59. Kxh4 Kc4 60. Kg4 Kxb4 61. Kf4 Kc3 62. Nc8 b4 63. Nb6 b3 64. Nxd5+ Kd2 65. Nb6 Kd3 66. Na4 Kc2 67. Ke3 Nb5 68. Nb6 b2 0-1

[Event "*** Titled Tuesday 3|2 Blitz"]
[Site "Chess.com"]
[Date "2016.02.02"]
[Round "7"]
[White "rikyshi"]
[Black "jcgs1030"]
[Result "0-1"]
[WhiteElo "2065"]
[BlackElo "2238"]
[TimeControl "180+2"]
[EndTime "12:25:10 PST"]
[Termination "jcgs1030 won by resignation"]

1. e4 c5 2. Nf3 d6 3. d4 cxd4 4. Nxd4 Nf6 5. Nc3 g6 6. Be2 Bg7 7. Be3 O-O 8. f3 Nc6 9. Qd2 d5 10. Nxc6 bxc6 11. exd5 Nxd5 12. O-O-O Be6 13. Nxd5 Bxd5 14.
Bd4 e5 15. Bc5 Re8 16. c4 Be6 17. Qb4 Qg5+ 18. Kb1 Rab8 19. Qa4 e4 20. Ba3 Qxg2 0-1

[Event "*** Titled Tuesday 3|2 Blitz"]
[Site "Chess.com"]
[Date "2016.02.02"]
[Round "7"]
[White "kpio91"]
[Black "Smirnov_Pavel"]
[Result "0-1"]
[WhiteElo "2503"]
[BlackElo "2531"]
[TimeControl "180+2"]
[EndTime "12:26:02 PST"]
[Termination "Smirnov_Pavel won by resignation"]

1. e4 c5 2. Nf3 d6 3. d4 cxd4 4. Nxd4 Nf6 5. f3 Nc6 6. c4 Qb6 7. Nc2 g6 8. Nc3 Bg7 9. Rb1 Ng4 10. fxg4 Bxc3+ 11. Bd2 Bxd2+ 12. Qxd2 Bxg4 13. h3 Be6 14. Be2 Ne5 15. b3 a5 16. Nd4 Bd7 17. g4 a4 18. b4 Rc8 19. Rc1 Rc7 20. g5 O-O 21. h4 Rfc8 22. h5 Nxc4 23. Bxc4 Rxc4 24. Rd1 e5 25.
hxg6 Rxd4 0-1

[Event "*** Titled Tuesday 3|2 Blitz"]
[Site "Chess.com"]
[Date "2016.02.02"]
[Round "7"]
[White "oskariot"]
[Black "APL2001"]
[Result "0-1"]
[WhiteElo "2322"]
[BlackElo "2169"]
[TimeControl "180+2"]
[EndTime "12:26:06 PST"]
[Termination "APL2001 won by resignation"]

1. a3 e5 2. c4 Nf6 3. d3 d5 4.
cxd5 Nxd5 5. Nf3 Nc6 6. e3 Be7 7. Be2 O-O 8. Qc2 a5 9. Nc3 Be6 10. O-O f5 11. Re1 Kh8 12. Nxd5 Bxd5 13. e4 Be6 14. exf5 Bxf5 15. Be3 Qd7 16. Nd2 Rad8 17. Ne4 Bxe4 18. dxe4 Nd4 19. Bxd4 exd4 20. Bd3 c5 21. e5 b5 22. b3 a4 23. bxa4 c4 24. Be4 d3 25. Qc3 Bc5 26. Rf1 Bd4 27. Qb4 Bxa1 28. Rxa1 Qd4 0-1

[Event "*** Titled Tuesday 3|2 Blitz"]
[Site "Chess.com"]
[Date "2016.02.02"]
[Round "7"]
[White "GMHess"]
[Black "amaidel"]
[Result "1-0"]
[WhiteElo "2469"]
[BlackElo "2403"]
[TimeControl "180+2"]
[EndTime "12:26:16 PST"]
[Termination "GMHess won by resignation"]

1. b3 e5 2. Bb2 Nc6 3. e3 Nf6 4. Bb5 Bd6 5. Ne2 O-O 6. Ng3 Re8 7. e4 Bf8 8. O-O d5 9. Bxc6 bxc6 10. d3 Bg4 11.
Qe1 Rb8 12. h3 Bc8 13. Qe2 Ba6 14. c4 Qd7 15. Nd2 Rbd8 16. Nf3 d4 17. Bc1 Bc8 18. Bg5 Qe6 19. Nh4 g6 20. f4 h6 21. f5 Qd6 22.
Bxf6 Qxf6 23. fxg6 Qxh4 24. gxf7+ Kh8 25. fxe8=Q Rxe8 26.
Qh5 Qxh5 27. Nxh5 Be6 28. Rf6 Kh7 29. Raf1 Be7 30. Rxe6 1-0

[Event "*** Titled Tuesday 3|2 Blitz"]
[Site "Chess.com"]
[Date "2016.02.02"]
[Round "7"]
[White "the_drake"]
[Black "ethylalcohol"]
[Result "1-0"]
[WhiteElo "2009"]
[BlackElo "1708"]
[TimeControl "180+2"]
[EndTime "12:27:19 PST"]
[Termination "the_drake won on time"]

1. e4 e5 2. Nf3 Nc6 3. Bc4 Bc5 4. b4 Bxb4 5. c3 Ba5 6. d4 exd4 7. Qb3 Qf6 8. O-O Nge7 9. Ba3 O-O 10. cxd4 Bb6 11. e5 Qg6 12. Bd3 Qh5 13. Qc4 d5 14. exd6 cxd6 15.
Bxd6 Be6 16. Qa4 1-0

[Event "*** Titled Tuesday 3|2 Blitz"]
[Site "Chess.com"]
[Date "2016.02.02"]
[Round "7"]
[White "Saitama_Hero"]
[Black "BillieKimbah"]
[Result "0-1"]
[WhiteElo "2095"]
[BlackElo "2386"]
[TimeControl "180+2"]
[EndTime "12:27:44 PST"]
[Termination "BillieKimbah won by resignation"]

1. d4 Nf6 2. c4 g6 3. Nc3 d5 4. cxd5 Nxd5 5. Bd2 Bg7 6. e4 Nb6 7. Be3 Nc6 8. Nf3 Bg4 9. d5 Ne5 10. Be2 Bxf3 11. gxf3 O-O 12. Qb3 a5 13. f4 a4 14. Qb5 Ned7 15. e5 a3 16. b3 c6 17. Qd3 cxd5 18. Nxd5 Nxe5 19. fxe5 Nxd5 20. Rd1 e6 21. O-O Bxe5 22. f4 Bg7 23. Bc5 Re8 24.
Bf3 Qc7 25. Qb5 Nc3 26. Qb6 Qxb6 27. Bxb6 Nxa2 28. Bd4 Nc3 29. Bxc3 Bxc3 0-1

[Event "*** Titled Tuesday 3|2 Blitz"]
[Site "Chess.com"]
[Date "2016.02.02"]
[Round "7"]
[White "swayamsm"]
[Black "KNVB"]
[Result "1-0"]
[WhiteElo "2537"]
[BlackElo "2386"]
[TimeControl "180+2"]
[EndTime "12:28:01 PST"]
[Termination "swayamsm won on time"]

1. d4 e6 2. c4 Nf6 3. Nc3 Bb4 4.
e3 c5 5. Ne2 b6 6. a3 Ba5 7. Bd2 Na6 8. Rb1 O-O 9. Ng3 Qe7 10. Bd3 Bb7 11. O-O d6 12. Qc2 Rfe8 13. d5 e5 14. Nf5 Qd8 15. Nb5 Bxd2 16. Qxd2 e4 17. Bc2 Re5 18. Nfxd6 Qd7 19. Qc3 Rg5 20. Nxe4 Nxe4 21. Bxe4 Re8 22. f4 Rxe4 23. fxg5 Qe7 24. Rf3 Bc8 25. Rbf1 Nc7 26. Rxf7 Qxf7 27. Rxf7 1-0

[Event "*** Titled Tuesday 3|2 Blitz"]
[Site "Chess.com"]
[Date "2016.02.02"]
[Round "7"]
[White "Jahonas"]
[Black "Grootneus"]
[Result "1-0"]
[WhiteElo "2185"]
[BlackElo "2021"]
[TimeControl "180+2"]
[EndTime "12:28:22 PST"]
[Termination "Jahonas won by resignation"]

1. d4 Nf6 2. Nf3 c5 3. c3 d5 4.
Bf4 Nc6 5. e3 e6 6. Nbd2 Bd6 7.
Bxd6 Qxd6 8. Bd3 O-O 9. O-O e5 10. dxe5 Nxe5 11. Nxe5 Qxe5 12. Nf3 Qd6 13. h3 Bd7 14.
Qc2 Bc6 15. Rfd1 Qc7 16. Rac1 Ne4 17. Bxe4 dxe4 18. Nd2 f5 19. b4 cxb4 20. cxb4 a6 21. Nb3 Rad8 22. Nd4 Qb6 23. Nxc6 bxc6 24. Rxd8 Rxd8 25.
a3 a5 26. Qxc6 Rd1+ 27. Kh2 Qb8+ 28. Qc7 Qxc7+ 29. Rxc7 axb4 30. axb4 Rb1 31. Rb7 h6 32. h4 Rb2 33. Kg3 Kf8 34. b5 Kg8 35. b6 Kf8 36. f3 Kg8 37. fxe4 fxe4 38. Kf4 Rxg2 39.
Rc7 Rb2 40. b7 Kh7 41. h5 Rb4 42. Kf5 Kg8 43. Rc8+ Kh7 44. b8=Q Rxb8 45. Rxb8 g5 46. hxg6+ Kg7 47. Rb7+ Kg8 48. Kf6 1-0

[Event "*** Titled Tuesday 3|2 Blitz"]
[Site "Chess.com"]
[Date "2016.02.02"]
[Round "7"]
[White "Hafez_Bakr"]
[Black "VMikhalevski"]
[Result "0-1"]
[WhiteElo "1754"]
[BlackElo "2431"]
[TimeControl "180+2"]
[EndTime "12:28:26 PST"]
[Termination "VMikhalevski won by resignation"]

1. g3 d5 2. Bg2 c6 3. d4 Bf5 4. Bf4 Nf6 5. Nd2 Qb6 6. Nb3 a5 7.
a4 Na6 8. f3 Nb4 9. e4 dxe4 10.
fxe4 Nxe4 11. c3 Nxc3 12. bxc3 Nc2+ 13. Kf1 Qxb3 14. Rb1 Ne3+ 15. Bxe3 Qxb1 16. Qxb1 Bxb1 17. Ne2 e6 18. c4 Bd3 19. d5 cxd5 20. cxd5 exd5 21.
Bxd5 O-O-O 22. Bxf7 Bd6 23. Be6+ Kb8 24. Kf2 Rhf8+ 25.
Nf4 g5 26. Rd1 gxf4 27. gxf4 Bxf4 28. Bxf4+ Rxf4+ 29. Kg3 Rf6 30. Bc4 Rg6+ 31. Kh3 Bf5+ 0-1

[Event "*** Titled Tuesday 3|2 Blitz"]
[Site "Chess.com"]
[Date "2016.02.02"]
[Round "7"]
[White "Matibar"]
[Black "Hikaru"]
[Result "1-0"]
[WhiteElo "2556"]
[BlackElo "2836"]
[TimeControl "180+2"]
[EndTime "12:28:32 PST"]
[Termination "Matibar won by checkmate"]

1. e4 b6 2. d4 Bb7 3. Bd3 e6 4. Nf3 d5 5. Qe2 Nf6 6. Nbd2 c5 7. exd5 Nxd5 8. Bb5+ Bc6 9. Ne5 Bxb5 10. Qxb5+ Nd7 11. Ndf3 a6 12. Qxd7+ Qxd7 13. Nxd7 Kxd7 14. Bd2 cxd4 15. Nxd4 Rc8 16. c3 e5 17. Nc2 f6 18. O-O-O Kc6 19. c4 Ne7 20. b3 b5 21. cxb5+ axb5 22. Nb4+ Kb7+ 23. Kb2 Nf5 24. Bc3 Bc5 25. Rd7+ Kb6 26.
Rhd1 Bxf2 27. Nd5+ Kc5 28. Bb4+ Kc6 29. Ne7+ Nxe7 30.
R1d6# 1-0

[Event "*** Titled Tuesday 3|2 Blitz"]
[Site "Chess.com"]
[Date "2016.02.02"]
[Round "7"]
[White "HovmoellerHest"]
[Black "Makalexa"]
[Result "1-0"]
[WhiteElo "2187"]
[BlackElo "2090"]
[TimeControl "180+2"]
[EndTime "12:28:34 PST"]
[Termination "HovmoellerHest won by resignation"]

1. d4 Nf6 2. c4 g6 3. Nc3 Bg7 4. e4 d6 5. f3 O-O 6. Be3 Nc6 7. Nge2 e5 8. Qd2 Nd7 9. O-O-O a6 10. Kb1 b5 11.
cxb5 axb5 12. d5 b4 13. dxc6 bxc3 14. Nxc3 Nb8 15. Bb5 Ba6 16. a4 Qe8 17. Qd5 Bc8 18.
Qc4 Be6 19. Nd5 Kh8 20. Rc1 Qc8 21. Rhd1 f5 22. Qd3 fxe4 23. fxe4 Bxd5 24. Qxd5 Na6 25.
Qc4 Nc5 26. Bxc5 dxc5 27. Rd7 Bh6 28. Rcd1 Be3 29. Qe6 Rf2 30. Qxe5+ 1-0

[Event "*** Titled Tuesday 3|2 Blitz"]
[Site "Chess.com"]
[Date "2016.02.02"]
[Round "7"]
[White "kleinebeer98"]
[Black "spectralsoul"]
[Result "0-1"]
[WhiteElo "2448"]
[BlackElo "2564"]
[TimeControl "180+2"]
[EndTime "12:28:41 PST"]
[Termination "spectralsoul won by resignation"]

1. e4 d6 2. d4 Nf6 3. Nc3 g6 4. h4 c6 5. h5 Nxh5 6. g4 Nf6 7.
g5 Nfd7 8. f4 Bg7 9. Be3 Qb6 10.
Qd2 Qxb2 11. Rb1 Qa3 12. Bc4 Nb6 13. Bb3 e6 14. Nf3 N8d7 15. f5 d5 16. exd5 exd5 17. Bf4 gxf5 18. Kf2 Nf8 19. Rhe1+ Be6 20. Re3 Ng6 21.
Bxd5 Nxf4 22. Bxe6 Nxe6 23. d5 Nc4 24. Qe2 Nxe3 25.
Rb3 Ng4+ 26. Kg2 Qe7 27. dxe6 fxe6 28. Qc4 Ne3+ 0-1

[Event "*** Titled Tuesday 3|2 Blitz"]
[Site "Chess.com"]
[Date "2016.02.02"]
[Round "7"]
[White "attack2mateU"]
[Black "Danirod"]
[Result "0-1"]
[WhiteElo "2449"]
[BlackElo "2392"]
[TimeControl "180+2"]
[EndTime "12:29:18 PST"]
[Termination "Danirod won by resignation"]

1. e4 c5 2. Nf3 g6 3. c3 Bg7 4.
d4 cxd4 5. cxd4 d5 6. e5 a6 7. Be2 Nc6 8. O-O Bg4 9. Nbd2 Nh6 10. h3 Bxf3 11. Nxf3 Nf5 12. g4 Nh6 13. Be3 f6 14.
Qd2 Nf7 15. e6 Nd6 16. Bd3 O-O 17. Rae1 Ne4 18. Qc2 f5 19. Ne5 Bxe5 20. dxe5 Nb4 21. Qd1 Nxd3 22. Qxd3 f4 23. Bd4 Ng5 24. f3 Nxh3+ 25.
Kg2 Ng5 26. Rd1 Nxe6 27. Bf2 Rc8 28. Qxd5 Qxd5 29. Rxd5 Rfd8 30. Rfd1 Kf7 31. Rd7 Rxd7 32. Rxd7 b5 33. Ra7 Rc6 34. b4 g5 35. Kf1 Rc4 36. Rxa6 Rxb4 37. Rb6 Rb1+ 38. Kg2 b4 39. a3 b3 40. a4 Ra1 41. Rxb3 Rxa4 42. Rb5 Ra2 43.
Kf1 Ra3 44. Kg2 Nc7 45. Rc5 Ne6 46. Rb5 Rd3 47. Kf1 Rxf3 48. Kg2 Rd3 49. Rb8 Rd5 50. Rh8 Kg7 51. Re8 Kf7 52. Rh8 Nf8 0-1

[Event "*** Titled Tuesday 3|2 Blitz"]
[Site "Chess.com"]
[Date "2016.02.02"]
[Round "7"]
[White "igorkovalenko"]
[Black "mssjust"]
[Result "1/2-1/2"]
[WhiteElo "2561"]
[BlackElo "2593"]
[TimeControl "180+2"]
[EndTime "12:29:19 PST"]
[Termination "Game drawn by repetition"]

1. d4 Nf6 2. Nf3 g6 3. g3 Bg7 4. Bg2 O-O 5. O-O d5 6. c3 c6 7. a4 Bf5 8. a5 Nbd7 9. Nbd2 Re8 10. Qb3 Qc8 11. Nh4 Bg4 12. e4 dxe4 13. Nxe4 Nxe4 14. Bxe4 e5 15. a6 b6 16. Qc4 exd4 17. Qxc6 Qxc6 18. Bxc6 Rac8 19. Bb7 Rc7 20. Bf4 Rc5 21. cxd4 Bxd4 22. Nf3 Bxb2 23. Rfe1 Rxe1+ 24. Rxe1 Ra5 25. Kg2 Nc5 26.
Re8+ Kg7 27. Bd6 Nxa6 28. Bf8+ Kf6 29. Be7+ Kg7 30. Bf8+ Kf6 31. Be7+ Kg7 32. Bf8+ Kf6 33. Nd2 Be6 34. Ne4+ Kf5 35. h3 h5 36. Nd6+ Kf6 37.
Ne4+ Kf5 38. Nd6+ Kf6 39. Ne4+ Kf5 40. Nd6+ Kf6 41. Ne4+ Kf5 42. Nd6+ Kf6 43. Ne4+ Kf5 1/2-1/2

[Event "*** Titled Tuesday 3|2 Blitz"]
[Site "Chess.com"]
[Date "2016.02.02"]
[Round "7"]
[White "Er_is_geen_hoop_meer"]
[Black "Colombiano07"]
[Result "1-0"]
[WhiteElo "2301"]
[BlackElo "2166"]
[TimeControl "180+2"]
[EndTime "12:29:19 PST"]
[Termination "Er_is_geen_hoop_meer won by resignation"]

1. d4 g6 2. Nf3 Nf6 3. c4 Bg7 4.
Nc3 O-O 5. e4 d6 6. Be2 c5 7.
O-O cxd4 8. Nxd4 Nc6 9. Be3 Nxd4 10. Bxd4 Be6 11. Rc1 Qa5 12. b3 Rfc8 13. Qd3 a6 14. Rfd1 b5 15. cxb5 axb5 16. Qxb5 Qxb5 17. Bxb5 Nd7 18. Bxg7 Kxg7 19. Bxd7 Bxd7 20. Rd2 Ra3 21. e5 Ra5 22. exd6 exd6 23. Rxd6 Be6 24. Ne2 Rca8 25. Nc3 Rc8 26. Rd3 Rac5 27. b4 Rc4 28. a3 Ra8 29. Ne2 Re4 30. Kf1 Bc4 31. Re3 Rxe3 32. fxe3 Bxe2+ 33.
Kxe2 Rxa3 34. Rb1 Ra6 35. b5 Rb6 36. Kd3 Kf6 37. Kd4 Ke6 38. Kc5 Rb8 39. b6 Kd7 40. b7 Kc7 41. Kd5 f5 42. Ke5 Re8+ 43. Kf6 Kb8 44. Rb3 Rd8 45. Kg7 Rd2 46. Kxh7 Rxg2 47.
h4 g5 48. h5 g4 49. h6 g3 50. Kg7 Rh2 51. h7 g2 52. Rb1 Rh1 53. h8=Q+ Rxh8 54. Kxh8 1-0

[Event "*** Titled Tuesday 3|2 Blitz"]
[Site "Chess.com"]
[Date "2016.02.02"]
[Round "7"]
[White "Viaje"]
[Black "AndrewMcStone"]
[Result "0-1"]
[WhiteElo "2098"]
[BlackElo "2008"]
[TimeControl "180+2"]
[EndTime "12:29:45 PST"]
[Termination "AndrewMcStone won by resignation"]

1. d4 e6 2. e4 d5 3. exd5 exd5 4.
Nf3 Bg4 5. h3 Bh5 6. Qe2+ Be7 7.
Qb5+ Nd7 8. Qxb7 Ngf6 9. Be2 O-O 10. O-O Bd6 11. c3 Qe7 12. Be3 Rab8 13. Qxa7 Rxb2 14.
Nbd2 Rxd2 15. Bxd2 Qxe2 16. Rfe1 Qd3 17. Re3 Qc2 18.
Be1 Qf5 19. Ne5 Nxe5 20. dxe5 Bxe5 21. g4 Bxg4 22. hxg4 Nxg4 23. Rh3 Nxf2 24. Re3 Nh3+ 25. Kg2 Qg4+ 26. Bg3 Nf4+ 27. Kf2 Bd6 28. Rg1 Nh3+ 29.
Kf1 Nxg1 30. Bxd6 cxd6 31. Qe7 Nh3 32. Qxd6 Qf4+ 33. Ke2 Qxd6 0-1

[Event "*** Titled Tuesday 3|2 Blitz"]
[Site "Chess.com"]
[Date "2016.02.02"]
[Round "7"]
[White "tigra"]
[Black "GMVar"]
[Result "0-1"]
[WhiteElo "2407"]
[BlackElo "2705"]
[TimeControl "180+2"]
[EndTime "12:29:47 PST"]
[Termination "GMVar won by resignation"]

1. e4 e6 2. d4 d5 3. Nc3 Nf6 4. e5 Nfd7 5. f4 c5 6. Nf3 Nc6 7. Be3 cxd4 8. Nxd4 Bc5 9. Qd2 O-O 10. O-O-O a6 11.
Nb3 Bxe3 12. Qxe3 b5 13. Kb1 b4 14. Ne2 a5 15. Nbd4 Qb6 16. h4 a4 17. Rh3 a3 18. b3 Nc5 19. Nxc6 Qxc6 20. Nd4 Qb6 21. Nb5 Ba6 22. Nd6 Bxf1 23. Rxf1 f6 24. Rg3 fxe5 25.
Qxe5 Ra7 26. f5 Rd8 27. fxe6 Qxd6 28. Qe3 Rc7 29. Rg5 Ne4 30. Rgf5 Qxe6 31. Qd4 h6 32. Qxb4 Rdc8 33. Rf8+ Kh7 34. Kc1 Rxc2+ 35. Kd1 Rc1+ 36. Ke2 Ng3+ 37. Kd3 R8c3+ 38. Qxc3 Qe4+ 39. Kd2 Rxc3 40. Kxc3 d4+ 0-1

[Event "*** Titled Tuesday 3|2 Blitz"]
[Site "Chess.com"]
[Date "2016.02.02"]
[Round "7"]
[White "alturas_pacificas"]
[Black "Nutflush"]
[Result "1-0"]
[WhiteElo "2030"]
[BlackElo "1892"]
[TimeControl "180+2"]
[EndTime "12:29:53 PST"]
[Termination "alturas_pacificas won by resignation"]

1. d4 Nf6 2. Bf4 d5 3. e3 c5 4.
c3 Nc6 5. Nd2 Bg4 6. Qb3 Qb6 7.
Ngf3 c4 8. Qxb6 axb6 9. a3 e6 10.
Rc1 Be7 11. h3 Bh5 12. Ne5 O-O 13. g4 Bg6 14. Nxg6 hxg6 15. Bg2 b5 16. O-O Rfd8 17. Rfe1 Na5 18. e4 dxe4 19. Nxe4 Nb3 20. Rcd1 Nd5 21.
Bg5 f6 22. Bh4 Kf7 23. Bg3 Ra7 24. Re2 f5 25. Nd2 Nxd2 26. Rdxd2 Bg5 27. Rd1 f4 28. Bh2 Rd6 29. Rde1 Ra8 30. h4 Bxh4 31. Rxe6 Raa6 32. Bxd5 Rxd5 33. Rxa6 bxa6 34. Bxf4 Bf6 35. Kg2 Bg5 36. Bxg5 Rxg5 37. Kf3 Rd5 38. Re5 g5 1-0

[Event "*** Titled Tuesday 3|2 Blitz"]
[Site "Chess.com"]
[Date "2016.02.02"]
[Round "7"]
[White "GeorgMeier"]
[Black "Boryboy"]
[Result "1-0"]
[WhiteElo "2687"]
[BlackElo "2513"]
[TimeControl "180+2"]
[EndTime "12:30:05 PST"]
[Termination "GeorgMeier won by resignation"]

1. Nf3 e6 2. g3 Nf6 3. Bg2 d5 4. O-O Be7 5. c4 O-O 6. d4 dxc4 7. Qc2 b5 8. a4 b4 9. Nfd2 c6 10. Nxc4 Qxd4 11. Rd1 Qc5 12. Nbd2 Qh5 13. b3 Ba6 14. Bb2 Rc8 15. Ne4 Nbd7 16. Ned6 Rc7 17. e4 Rf8 18. Rd2 Nc5 19. Rad1 Nb7 20. Nxb7 Bxb7 21. Be5 Rcc8 22. Bd6 Bxd6 23. Nxd6 Rb8 24. Nxb7 Rxb7 25. Qxc6 Rbb8 26. Qc7 a6 27. h3 Rbc8 28. Qb7 Rc3 29. Qxb4 Rc2 30.
Rd8 Ne8 31. R1d2 Rc1+ 32. Kh2 Qg5 33. Qb8 g6 34. Rxe8 1-0